 Dungeon Crawl Stone Soup version 0.29.1-15-g9cfb28693d (webtiles) character file.

Game seed: 2905274027356971521

210 DoomSlayer the Chopper (level 6, -1/72 HPs)
             Began as a Human Berserker on Mar 3, 2023.
             Was a Believer of Trog.
             Killed by divine providence
             ... invoked by an orc priest
              (9 damage)
             ... on level 3 of the Dungeon.
             The game lasted 00:09:02 (2025 turns).

DoomSlayer the Chopper (Human Berserker)            Turns: 2025, Time: 00:09:03

Health: -1/72      AC:  5    Str: 17    XL:     6   Next: 12%
Magic:  6/6        EV: 11    Int:  7    God:    Trog [**....]
Gold:   101        SH:  0    Dex: 13    Spells: 5/5 levels left

rFire   + + .      SeeInvis .   e - +8 battleaxe of Accord {vamp, rElec rF++ rC+ Int-2}
rCold   + . .      Faith    .   (shield currently unavailable)
rNeg    . . .      Spirit   .   j - +0 ring mail
rPois   .          Reflect  .   (no helmet)
rElec   +          Harm     .   (no cloak)
rCorr   .          Rampage  .   (no gloves)
Will    .....                   (no boots)
Stlth   ..........              (no amulet)
HPRegen 0.22/turn               (no ring)
MPRegen 0.10/turn               (no ring)

@: brilliant, berserking (expiring), hasted, very quick
A: no striking features
a: Renounce Religion, Berserk, Trog's Hand


You were on level 3 of the Dungeon.
You worshipped Trog.
Trog was pleased with you.
You visited 1 branch of the dungeon, and saw 4 of its levels.

You collected 101 gold pieces.

Inventory:

Hand Weapons
 a - a +1 hand axe
 d - a +2 vampiric dagger
 e - the +8 battleaxe of Accord (weapon) {vamp, rElec rF++ rC+ Int-2}
   (You acquired it on level 2 of the Dungeon)

   It occasionally heals its wielder for a portion of the damage dealt when it
   wounds a living foe.
   Int:       It affects your intelligence (-2).
   rF:        It greatly protects you from fire.
   rC:        It protects you from cold.
   rElec:     It insulates you from electricity.
Armour
 b - a +0 animal skin
 j - a +0 ring mail (worn)
Wands
 h - a wand of roots (9)
Scrolls
 m - a scroll of enchant weapon
Potions
 i - a potion of ambrosia


   Skills:
 * Level 3.7 Fighting
 * Level 1.1 Short Blades
 * Level 4.6 Axes
 * Level 2.6 Armour
 * Level 2.6 Dodging
 * Level 1.4 Stealth
 * Level 0.9 Evocations


You had 5 spell levels left.
You didn't know any spells.
Your spell library was empty.

Dungeon Overview and Level Annotations

Branches:
Dungeon (4/15)
 Temple: D:4-7

Altars:
Uskayaw


Message History

The orc wizard flickers and vanishes!
Deactivating autopickup; reactivate with Ctrl-A.
The orc barely misses you.
It was a potion of magic.
Magic courses through your body. The orc closely misses you.
It was a potion of brilliance.
You feel clever all of a sudden. The orc hits you with a +0 trident.
* * * LOW HITPOINT WARNING * * *
It was a potion of haste.
You feel yourself speed up. The orc closely misses you.
A red film seems to cover your vision as you go berserk!
You feel yourself moving faster!
You feel mighty! The orc hits you with a +0 trident.
* * * LOW HITPOINT WARNING * * *
You slash the orc!
You kill the orc!
Trog accepts your kill.
You closely miss something. Something hits you but does no damage.
You miss something.
You hear some strange, mumbled words.
A magic dart appears from out of thin air!
The magic dart hits you.
* * * LOW HITPOINT WARNING * * *
You slice something!!
You feel better. Trog accepts your kill.
Trog appreciates your killing of a magic user.
Reactivating autopickup.
You feel a bit more experienced.
The orc priest mumbles some strange prayers to Beogh against you.
Beogh smites you!
* * * LOW HITPOINT WARNING * * *
You have reached level 6!
The orc priest closely misses you.
Items here: )) [[.
You barely miss the orc priest. You barely miss the orc priest.
The orc priest mumbles some strange prayers to Beogh against you.
Beogh smites you!
You die...

..#####...#
.##...##..#
.#.#.#(#..#
.#..#((#.##
.#.#.#(#.#
###
.##.((##.#
..
.###.###.#
. #.###.#.#
#.....#@#
##._.##o#
#...#..#
..##'##).#
#....o..##
#########


You could see 2 dancing weapons and an orc priest.

Vanquished Creatures
  An ogre (D:4)
  An orc wizard (D:3)
  Robin (D:2)
  An adder (D:3)
  3 dart slugs (D:2)
  8 orcs (D:3)
  5 endoplasms
  3 giant cockroaches
  6 hobgoblins
  4 jackals (D:1)
  4 quokkas
  2 ball pythons (D:1)
  2 frilled lizards
  14 goblins
  5 kobolds
  3 rats
63 creatures vanquished.

Notes
Turn   | Place    | Note
-------+----------+-------------------------------------------
     0 | D:1      | DoomSlayer the Human Berserker began the quest for the Orb.
     0 | D:1      | Reached XP level 1. HP: 18/18 MP: 1/1
    67 | D:1      | Found a faded altar of an unknown god.
   267 | D:1      | Reached XP level 2. HP: 21/24 MP: 2/2
   865 | D:2      | Reached XP level 3. HP: 28/29 MP: 3/3
   900 | D:2      | Identified a scroll of acquirement
   900 | D:2      | Acquired the +8 battleaxe of Accord {vamp, rElec rF++ rC+
                  | Int-2}
  1285 | D:2      | Noticed Robin
  1293 | D:2      | Reached ** piety under Trog
  1295 | D:2      | Killed Robin
  1296 | D:2      | Reached XP level 4. HP: 35/35 MP: 4/4
  1561 | D:3      | Reached skill level 1 in Stealth
  1637 | D:3      | You fall into a shaft and drop 1 floor!
  1701 | D:4      | Noticed an ogre
  1707 | D:4      | Killed an ogre
  1708 | D:4      | Reached skill level 1 in Short Blades
  1708 | D:4      | Reached skill level 4 in Axes
  1708 | D:4      | Reached XP level 5. HP: 42/42 MP: 5/5
  1973 | D:3      | Noticed a +0 short sword
  1973 | D:3      | Noticed a +0 falchion
  1974 | D:3      | Noticed a +0 spear
  1974 | D:3      | Noticed a +0 falchion
  1975 | D:3      | Noticed a +0 short sword
  1977 | D:3      | Noticed a +0 dagger
  1978 | D:3      | Noticed a +0 spear
  1981 | D:3      | Noticed a +0 dagger
  1986 | D:3      | Found a hide-covered altar of Uskayaw.
  2023 | D:3      | Reached XP level 6. HP: 7/48 MP: 6/6
  2025 | D:3      | Killed from afar by an orc priest

Illustrated notes

Levels and vault maps discovered:
D:1:      saegor_arrival_simple_a, layout_basic, ebering_ecumenical_altar_ruins
D:2:      layout_rooms, uniq_robin
D:3:      layout_basic, nicolae_uskayaw_en_pointe, minmay_misc_feat_rows
D:4:      layout_layer_cave, minmay_temple_entry_statues_pillars,
          nrook_loot_triangle

Skill      XL: |  1  2  3  4 |
---------------+-------------+-----
Stealth        | 1 |  1.4
Short Blades   | 1 |  1.1
Axes           | 4 |  4.6
Fighting       | |  3.7
Armour         | |  2.6
Dodging        | |  2.6
Evocations     | |  0.9

Action                   |  1- 3 |  4- 6 || total
-------------------------+-------+-------++-------
Melee: Hand axe          |    45 |       ||    45
       Dagger            |     3 |       ||     3
       Battleaxe         |    15 |    43 ||    58
Invok: Berserk           |     1 |     2 ||     3
Evoke: Wand              |     1 |     1 ||     2
  Use: Scroll            |     3 |     6 ||     9
       Potion            |       |     3 ||     3
Armor: Animal skin       |    21 |       ||    21
       Ring mail         |       |    16 ||    16
Dodge: Dodged            |    49 |    30 ||    79
